 Dungeon Crawl Stone Soup version 0.29-a0-284-gf9362112df (webtiles) character file.

Game seed: 5623493422305652219

97 ders the Magician (level 5, -2/35 HPs)
             Began as a Djinni Fire Elementalist on Mar 23, 2022.
             Slain by an iguana (3 damage)
             ... on level 2 of the Dungeon.
             The game lasted 00:02:09 (2821 turns).

ders the Magician (Djinni Fire Elementalist)        Turns: 2821, Time: 00:02:10

Health: -2/35      AC:  2    Str:  7    XL:     5   Next: 0%
Gold:   37         EV: 12    Int: 19    God:
                   SH:  0    Dex: 13

rFire   + + .      SeeInvis .   (no weapon)
rCold   x . .      Faith    .   (no shield)
rNeg    . . .      Spirit   .   a - +0 robe
rPois   ∞          Reflect  .   (no helmet)
rElec   .          Harm     .   (no cloak)
rCorr   .          Rampage  .   (no gloves)
Will    .....                   (boots unavailable)
Stlth   ++........              (no amulet)
HPRegen 0.11/turn               (no ring)
MPRegen 0.00/turn               (no ring)

@: flying
A: sickness immunity, fire resistance 2, cold vulnerability 1, float, innate
caster, HP casting, extra vitality 1
a: no special abilities


You were on level 2 of the Dungeon.
You visited 1 branch of the dungeon, and saw 2 of its levels.

You collected 37 gold pieces.

Inventory:

Armour
 a - a +0 robe (worn)
Scrolls
 b - a scroll of teleportation {unknown}
 c - a scroll of amnesia {unknown}
 g - a scroll of torment {unknown}
 i - a scroll of identify {unknown}
 k - a scroll of enchant weapon {unknown}
Potions
 d - a potion of magic {unknown}
 e - a potion of haste {unknown}
 h - a potion of resistance {unknown}
 j - a potion of might {unknown}
 l - a potion of attraction {unknown}


   Skills:
 - Level 2.1 Dodging
 - Level 1.5 Stealth
 + Level 4.1 Spellcasting


You couldn't memorise any spells.
You knew the following spells:

 Your Spells              Type           Power      Damage    Failure   Level
a - Foxfire               Conj/Fire      76%        2x1d7     2%          1
b - Scorch                Fire           38%        2d7       3%          2
c - Conjure Flame         Conj/Fire      19%        6-21      8%          3
d - Inner Flame           Hex/Fire       19%        N/A       8%          3
e - Flame Wave            Conj/Fire      19%        2d6       24%         4
f - Pain                  Necr           76%        1d7       2%          1
g - Ensorcelled Hibernat  Hex/Ice        38%        N/A       3%          2
Your spell library was empty.

Dungeon Overview and Level Annotations

Branches:
Dungeon (2/15)

Altars:


Innate Abilities, Weirdness & Mutations

You are immune to sickness and miasma.
You are immune to poison.
Your flesh is very heat resistant. (rF++)
You are vulnerable to cold. (rC-)
You float through the air rather than walking.
You learn spells naturally, not from books.
Your magical power is your life essence.
You have superior vitality. (+4 MHP)


Message History

Flames lash the hound.
You kill the hound!
* * * LOW HITPOINT WARNING * * *
Your Spellcasting skill increases to level 4!
You have reached level 5!
The power to cast Ensorcelled Hibernation wells up from within.
Spell assigned to 'g'.
Casting: Scorch (safe; 3% risk of failure)
Confirm with . or Enter, or press ? or * to list all spells.
Aiming: Ensorcelled Hibernation (safe; 3% risk of failure)
Press: ? - help, Shift-Dir - straight line, f - iguana
Aim: an iguana (chance to affect: 61%)
The iguana looks drowsy...
* * * LOW HITPOINT WARNING * * *
The iguana hisses angrily.
Casting: Ensorcelled Hibernation (safe; 3% risk of failure)
Confirm with . or Enter, or press ? or * to list all spells.
Aiming: Ensorcelled Hibernation (safe; 3% risk of failure)
Press: ? - help, Shift-Dir - straight line, f/p - iguana
Aim: an iguana (not susceptible)
The iguana is unaffected.
* * * LOW HITPOINT WARNING * * *
It was a potion of curing.
You feel better.
Casting: Ensorcelled Hibernation (safe; 3% risk of failure)
Confirm with . or Enter, or press ? or * to list all spells.
Flames lash the iguana.
The iguana is moderately wounded.
The iguana's fire resistance burns away.
The iguana bites you!
* * * LOW HITPOINT WARNING * * *
Unknown command.
Casting: Scorch (safe; 3% risk of failure)
Confirm with . or Enter, or press ? or * to list all spells.
Flames lash the iguana but do no damage.
* * * LOW HITPOINT WARNING * * *
The iguana bites you.
* * * LOW HITPOINT WARNING * * *
The iguana is no longer more vulnerable to fire.
The iguana bites you.
You die...

####### .....#####
........ ...... ....#
#.#.###.#
###########.......#
...#.##.....l@......#
........#########.#.#
...#.#### ######.#.#
# #......#.#
#.######.# #.# .# #.#
.# #######.#### .#
...........#


You could see an iguana.

Vanquished Creatures
  A hound (D:2)
  2 adders (D:2)
  3 dart slugs
  2 ball pythons (D:1)
  8 endoplasms
  3 giant cockroaches (D:1)
  A goblin (D:1)
  4 hobgoblins
  3 quokkas (D:1)
  5 bats
  2 frilled lizards
  2 kobolds (D:1)
  3 rats
39 creatures vanquished.

Vanquished Creatures (others)
  93 foxfires
93 creatures vanquished.

Grand Total: 132 creatures vanquished

Notes
Turn   | Place    | Note
-------+----------+-------------------------------------------
     0 | D:1      | ders the Djinni Fire Elementalist began the quest for the
                  | Orb.
     0 | D:1      | Reached XP level 1. HP: 15/15 MP: 0/0
   220 | D:1      | Reached XP level 2. HP: 18/21 MP: 0/0
   406 | D:1      | Reached skill level 3 in Spellcasting
   941 | D:1      | Reached XP level 3. HP: 17/25 MP: 0/0
   941 | D:1      | Learned a level 1 spell: Pain
  2661 | D:2      | Reached XP level 4. HP: 29/31 MP: 0/0
  2809 | D:2      | Reached skill level 4 in Spellcasting
  2809 | D:2      | Reached XP level 5. HP: 10/35 MP: 0/0
  2809 | D:2      | Learned a level 2 spell: Ensorcelled Hibernation
  2820 | D:2      | HP: 1/35 [iguana (4)]
  2821 | D:2      | Slain by an iguana

Illustrated notes

Levels and vault maps discovered:
D:1:      sevenhm_arrival_forest_fort_small_3, layout_basic, minmay_misc_feat_x
D:2:      layout_loops_ring

Skill      XL: |  1  2  3  4 |
---------------+-------------+-----
Spellcasting   | 3 4 |  4.1
Dodging        | |  2.1
Stealth        | |  1.5

Action                   |  1- 3 |  4- 6 || total
-------------------------+-------+-------++-------
 Cast: Foxfire           |    51 |    11 ||    62
       Scorch            |    19 |     4 ||    23
       Pain              |     8 |       ||     8
       Ensorcelled Hiber |       |     2 ||     2
  Use: Potion            |       |     1 ||     1
Armor: Robe              |     5 |     1 ||     6
Dodge: Dodged            |    13 |     2 ||    15

Table legend: (Time is in decaauts)
 A = Elapsed time spent in this place.
 B = Non-inter-level travel time spent in this place.
 C = Inter-level travel time spent in this place.
 D = Time resting spent in this place.
 E = Time spent auto-exploring this place.
 F = Levels seen in this place.
 G = Mean time per level.
                   A        B        C        D        E       F      G
               +--------+--------+--------+--------+--------+-----+--------+
         Total |   2820 |   2783 |     37 |      0 |   2514 |   2 | 1410.0 |
       Dungeon |   2820 |   2783 |     37 |      0 |   2514 |   2 | 1410.0 |
               +--------+--------+--------+--------+--------+-----+--------+

Top non-repeatable levels by time:
     D:1: 2414 daAuts
     D:2: 406 daAuts
